 Dungeon Crawl Stone Soup version 0.28-a0-445-g51f8dfeb47 (webtiles) character file.

Game seed: 16360348043634755246

56 Dabor the Skirmisher (level 3, 0/29 HPs)
             Began as a Demonspawn Monk on Sept 13, 2021.
             Was a Believer of Okawaru.
             Slain by a gnoll (12 damage)
             ... on level 2 of the Dungeon.
             The game lasted 00:06:56 (1886 turns).

Dabor the Skirmisher (Demonspawn Monk)              Turns: 1886, Time: 00:06:57

Health: 0/29       AC:  2    Str: 11    XL:     3   Next: 69%
Magic:  0/3        EV: 14    Int: 11    God:    Okawaru [**....]
Gold:   33         SH: 10    Dex: 16    Spells: 2/2 levels left

rFire   . . .      SeeInvis .   b - +1 dagger (speed)
rCold   . . .      Faith    .   c - +0 kite shield
rNeg    . . .      Spirit   +   a - +0 robe
rPois   .          Reflect  .   (no helmet)
rElec   .          Harm     .   (no cloak)
rCorr   .          Rampage  .   (no gloves)
Will    .....                   (no boots)
Stlth   +++.......              (no amulet)
HPRegen 0.09/turn               (no ring)
MPRegen 0.16/turn               (no ring)

@: heroic
A: magic shield, magic regeneration
a: Renounce Religion, Heroism


You were on level 2 of the Dungeon.
You worshipped Okawaru.
Okawaru was pleased with you.
You visited 1 branch of the dungeon, and saw 2 of its levels.

You collected 33 gold pieces.

Inventory:

Hand Weapons
 b - a +1 dagger of speed (weapon)
Armour
 a - a +0 robe (worn)
 c - a +0 kite shield (worn)
Magical Staves
 d - a staff of earth
Scrolls
 e - a scroll of teleportation
Potions
 f - a potion of flight {unknown}


   Skills:
 + Level 3.5(8.5) Fighting
 + Level 3.2(8.2) Dodging
 - Level 1.7(6.7) Stealth
 + Level 1.4(6.4) Shields
 - Level 2.6(7.6) Unarmed Combat
 + Level 1.3 Invocations


You had 2 spell levels left.
You didn't know any spells.
Your spell library was empty.

Dungeon Overview and Level Annotations

Branches:
Dungeon (2/15)

Altars:
Okawaru

Shops:
D:1 !


Innate Abilities, Weirdness & Mutations

When hurt, damage is shared between your health and your magic reserves.
You regenerate magic rapidly.


Message History

You kill the kobold!
Okawaru accepts your kill.
No target in view!
No target in view!
Things that are here:
a +0 club; 2 stones You start resting.
A ball python is nearby!
A ball python is nearby!
You start resting.
A ball python is nearby!
A ball python is nearby!
You start resting.
A ball python is nearby!
The ball python bites you. You block the ball python's attack.
Your shield prevents you from hitting the ball python.
You block the ball python's attack. The ball python barely misses you.
You closely miss the ball python. The ball python bites you.
The ball python closely misses you. The ball python barely misses you.
You block the ball python's attack.
You barely miss the ball python. The ball python barely misses you. x2
You hit the ball python.
The ball python is severely wounded.
The ball python barely misses you. You block the ball python's attack.
You hit the ball python.
You kill the ball python!
Okawaru accepts your kill.
No target in view!
No target in view!
You start resting.
Magic restored.
You start resting.
A gnoll is nearby!
A gnoll is nearby!
The gnoll shouts!
You hear a shout!
You gain the combat prowess of a mighty hero.
The gnoll barely misses you. The gnoll hits you with a +0 halberd!
You hit the gnoll but do no damage. The gnoll hits you with a +0 halberd!
You die...

###.#.##.......#
...>#....#...#
.#######.....# ##
..).#...).#.## ..#
###.#..###).# ....
.. #.#
##.########...# .#
...
#.<............
.##..
#..##..g........
.##.
#...#...##@.......
.##.
##..#.####.###...#
.##.# ##... #.#
..# ....# ##. #.#
.. ##...... .. #.#
#.###### #.# #.#
#.# ###g### #.#
#.g... #..


You could see a gnoll.

Vanquished Creatures
  A gnoll (D:2)
  A worm (D:2)
  2 dart slugs
  2 bats (D:1)
  2 endoplasms (D:1)
  A giant cockroach (D:1)
  4 goblins
  3 hobgoblins
  3 jackals (D:1)
  2 kobolds
  3 quokkas
  3 ball pythons
  3 frilled lizards
  6 rats
36 creatures vanquished.

Notes
Turn   | Place    | Note
-------+----------+-------------------------------------------
     0 | D:1      | Dabor the Demonspawn Monk began the quest for the Orb.
     0 | D:1      | Reached XP level 1. HP: 18/18 MP: 1/1
   122 | D:1      | Found a faded altar of an unknown god.
   135 | D:1      | Became a worshipper of Warmaster Okawaru
   135 | D:1      | Reached * piety under Okawaru
   135 | D:1      | Reached ** piety under Okawaru
   178 | D:1      | Gained mutation: You regenerate magic rapidly. [demonic
                  | ancestry]
   178 | D:1      | Reached XP level 2. HP: 23/24 MP: 2/2
   188 | D:1      | You fall into a shaft and drop 1 floor!
   497 | D:2      | Reached skill level 1 in Shields
   513 | D:2      | Gained mutation: When hurt, damage is shared between your
                  | health and your magic reserves. [demonic ancestry]
   513 | D:2      | Reached XP level 3. HP: 18/29 MP: 1/3
  1033 | D:1      | Reached skill level 1 in Invocations
  1369 | D:1      | Found Tizyqyn's Distillery.
  1886 | D:2      | Slain by a gnoll

Illustrated notes

Levels and vault maps discovered:
D:1:      roderic_chinese_lattice_arrival, layout_loops_cross,
          dreamdust_ecumenical_altar_angels_and_demons, serial_shops, shop,
          minmay_misc_feat_diagonals, st_stairs_5, minmay_misc_feat_roman
D:2:      layout_loops_ring

Skill      XL: |  1  2  3 |
---------------+----------+-----
Dodging        | 3 |  3.2
Shields        | 1 |  1.4
Invocations    | 1 |  1.3
Fighting       | |  3.5
Stealth        | |  1.7
Unarmed Combat | |  2.6

Action                   || total
-------------------------++-------
Melee: Dagger            ||   180
Invok: Heroism           ||     3
  Use: Scroll            ||     2
       Potion            ||     1
 Stab: Sleeping          ||     2
Armor: Robe              ||    23
Dodge: Dodged            ||    74
Block: Kite shield       ||    77

Table legend: (Time is in decaauts)
 A = Elapsed time spent in this place.
 B = Non-inter-level travel time spent in this place.
 C = Inter-level travel time spent in this place.
 D = Time resting spent in this place.
 E = Time spent auto-exploring this place.
 F = Levels seen in this place.
 G = Mean time per level.
                   A        B        C        D        E       F      G
               +--------+--------+--------+--------+--------+-----+--------+
         Total |   1872 |   1827 |     45 |    612 |    536 |   2 |  936.0 |
       Dungeon |   1872 |   1827 |     45 |    612 |    536 |   2 |  936.0 |
               +--------+--------+--------+--------+--------+-----+--------+

Top non-repeatable levels by time:
     D:1: 1115 daAuts
     D:2: 757 daAuts
